 Dungeon Crawl Stone Soup version 0.30-a0-394-g3e4acdb0ae (webtiles) character file.

Game seed: 3336990704808818973

5560 qeuew the Blocker (level 11, 0/84 HPs)
             Began as a Formicid Fighter on Dec 6, 2022.
             Was a Priest of Makhleb.
             Killed from afar by a steam dragon (27 damage)
             ... with a ball of steam
             ... on level 9 of the Dungeon.
             The game lasted 00:14:39 (6296 turns).

qeuew the Blocker (Formicid Fighter)                Turns: 6296, Time: 00:14:40

Health: 0/84       AC: 12    Str: 27    XL:     11   Next: 2%
Magic:  17/17      EV: 11    Int:  4    God:    Makhleb [***...]
Gold:   238        SH:  7    Dex: 18    Spells: 10/10 levels left

rFire   x . .      SeeInvis +    l - +8 war axe "Faamikh" {venom, rF- Dex+5}
rCold   . . .      Faith    .    c - +0 buckler
rNeg    . . .      Spirit   .    f - +2 chain mail "Eshit" {Rampage Str+2 Int-4 SInv}
rPois   .          Reflect  .    (helmet unavailable)
rElec   .          Harm     .    (no cloak)
rCorr   .          Rampage  +    (no gloves)
Will    +....                    (no boots)
Stlth   ..........               j - amulet of regeneration
HPRegen 1.14/turn                (no ring)
MPRegen 0.15/turn                (no ring)

@: mighty, lethally poisoned (0 -> -1)
A: permanent stasis, dig shafts and tunnels, antennae 3, four strong arms
a: Dig, Shaft Self, Renounce Religion, Minor Destruction, Lesser Servant of
Makhleb


You were on level 9 of the Dungeon.
You worshipped Makhleb.
Makhleb was most pleased with you.
You visited 2 branches of the dungeon, and saw 10 of its levels.
You also visited: Sewer and Bailey.

You collected 459 gold pieces.
You spent 221 gold pieces at shops.

Inventory:

Hand Weapons
 l - the +8 war axe "Faamikh" (weapon) {venom, rF- Dex+5}
   (You bought it in a shop on level 1 of the Dungeon)

   It poisons the flesh of those it strikes.
   Dex:       It affects your dexterity (+5).
   rF:        It makes you vulnerable to fire.
Missiles
 k - 5 throwing nets
Armour
 c - a +0 buckler (worn)
 f - the +2 chain mail "Eshit" (worn) {Rampage Str+2 Int-4 SInv}
   (You found it on level 4 of the Dungeon)

   Str:       It affects your strength (+2).
   Int:       It affects your intelligence (-4).
   SInv:      It lets you see invisible.
   Rampage:   It bestows one free step when moving towards enemies.
Jewellery
 j - an amulet of regeneration (around neck)
Wands
 b - a wand of paralysis (29)
 g - a wand of roots (1)
 t - a wand of digging (4)
Scrolls
 a - a scroll of enchant weapon
 o - a scroll of enchant armour
 p - 3 scrolls of identify
 r - a scroll of amnesia
 s - a scroll of silence
Potions
 d - 2 potions of might
 e - a potion of heal wounds
 h - 8 potions of flight
 m - 3 potions of curing
 n - a potion of invisibility
 q - a potion of magic
Miscellaneous
 i - a lightning rod (4/4)


   Skills:
 + Level 7.4 Fighting
 + Level 6.0 Axes
 + Level 7.1 Armour
 + Level 5.1 Dodging
 + Level 8.8 Shields
 * Level 8.6 Invocations
 + Level 4.9 Evocations


You had 10 spell levels left.
You didn't know any spells.
Your spell library contained the following spells:

 Spells                   Type           Power      Damage    Failure   Level
 Cigotuvi's Dreadful Rot  Necr/Pois/Air  0%         N/A       99%         2
 Ensorcelled Hibernation  Hex/Ice        0%         N/A       99%         2
 Passwall                 Tmut/Erth      0%         N/A       99%         2
 Gell's Gravitas          Tloc           0%         N/A       100%        3
 Spider Form              Tmut/Pois      0%         N/A       100%        3
 Stone Arrow              Conj/Erth      0%         3d7       100%        3
 Summon Guardian Golem    Hex/Summ       0%         N/A       100%        3
 Teleport Other           Tloc           0%         N/A       100%        3
 Anguish                  Hex/Necr       0%         N/A       100%        4
 Animate Armour           Summ/Erth      0%         N/A       100%        4
 Dispel Undead            Necr           0%         3d6       100%        4
 Death Channel            Necr           0%         N/A       100%        6
 Dispersal                Tloc           0%         N/A       100%        6
 Orb of Destruction       Conj           0%         9d5       100%        7
 Spellforged Servitor     Conj/Summ      0%         N/A       100%        7
 Lehudib's Crystal Spear  Conj/Erth      0%         10d2      100%        8
 Swiftness                Air            Unusable   N/A       N/A         3

Dungeon Overview and Level Annotations

Branches:
Dungeon (9/15)             Temple (1/1) D:4            Lair (0/5) D:9
  Sewer (visited)          Bailey (visited)
    Orc: D:9-12

Altars:
Ashenzari
Cheibriados
Dithmenos
Fedhas
Gozag
Hepliaklqana
Kikubaaqudgha
Makhleb
Qazlal
Ru
Sif Muna
Uskayaw
Wu Jian
Xom
Yredelemnul

Shops:
D:1 (   D:2 *   D:4 *   D:8 *

Annotations:
D:4 2 runed translucent doors
D:6 3 runed translucent doors, equiv's ghost, novice DgWr


Innate Abilities, Weirdness & Mutations

You cannot be hasted, slowed, berserked, paralysed or teleported.
You can dig through walls and to a lower floor.
You have a pair of large antennae on your head. (SInv)
Your four strong arms can wield two-handed weapons with a shield.


Message History

The killer bee poisons you! The killer bee closely misses you.
Okay, then.
Aiming: Thunderbolt
Press: ? - help, Shift-Dir - straight line, f - killer bee
Aim: a killer bee (moderately wounded)
Okay, then.
You feel much better.
You feel sick. The wolf closely misses you.
The killer bee stings you but does no damage.
The killer bee stings you. The killer bee misses you.
The killer bee barely misses you. The wolf bites you.
The killer bee closely misses you.
The killer bee stings you but does no damage.
You block the killer bee's attack. x2
You slash the killer bee!
You kill the killer bee!
Makhleb accepts your kill.
You barely miss the killer bee. You slash the killer bee!
The killer bee is poisoned.
You miss the killer bee. You hit the wolf.
The wolf is poisoned.
You feel sick.
You kill the wolf!
Makhleb accepts your kill.
You feel better. You block the killer bee's attack. x2
The killer bee closely misses you.
The killer bee stings you but does no damage.
The killer bee barely misses you. The killer bee closely misses you.
The hound bites you but does no damage. The wolf barely misses you.
You slash the killer bee!
You kill the killer bee!
Makhleb accepts your kill.
You feel better.
You slash the killer bee!
The killer bee is poisoned.
You completely miss the wolf. You slash the hound!
The hound is poisoned.
You slash the killer bee!
You kill the killer bee!
Makhleb accepts your kill.
You feel better.
You feel sick. The killer bee stings you. The wolf bites you!
The hound closely misses you.
The killer bee stings you but does no damage.
The steam dragon breathes steam at you. The ball of steam hits you!!
The steam scalds you terribly!
You die...

>............#
..~..≈~~~~.(.##.
~...~~~≈....$...
.≈~~~~≈≈~≈≈...#
~≈≈≈~≈~≈~~....#
~.~~..~D.....#
.~....h§†....#
......h@y....#
##.######.#### #### #.#
.... #.# ###
######.##### #
#..........# ##
#..........# .##
#######..........#
..#####....##..........#


You could see a steam dragon (catching breath), a wolf, a hound (very poisoned)
and a killer bee (very poisoned).

Vanquished Creatures
  A troll (D:9)
  A wyvern (D:4)
  3 yaks (D:5)
  3 steam dragons
  9 orc warriors (Bailey)
  2 black bears
  An ice beast (D:6)
  2 sky beasts (D:6)
  2 ogres
  3 wolves (D:9)
  7 centaurs
  A phantom (D:5)
  4 kobold brigands
  4 bullfrogs
  2 gnoll sergeants
  3 scorpions
  A wight (D:4)
  7 killer bees
  3 orc priests
  A gnoll bouda (D:6)
  4 hounds
  An iguana (D:6)
  9 orc wizards
  Robin (D:2)
  17 gnolls
  7 adders
  3 river rats (Sewer)
  A shadow imp (D:6)
  2 white imps
  An ufetubus (D:6)
  A worm (D:2)
  2 dart slugs
  18 orcs
  7 endoplasms
  5 giant cockroaches
  21 goblins
  13 hobgoblins
  8 jackals
  32 kobolds
  4 quokkas
  6 ball pythons
  2 bats (D:1)
  3 frilled lizards (D:1)
  5 rats
233 creatures vanquished.

Notes
Turn   | Place    | Note
-------+----------+-------------------------------------------
     0 | D:1      | qeuew the Formicid Fighter began the quest for the Orb.
     0 | D:1      | Reached XP level 1. HP: 18/18 MP: 1/1
    37 | D:1      | Reached XP level 2. HP: 24/24 MP: 2/2
   171 | D:1      | Found Xyamuwn's Antique Weapon Shoppe.
   195 | D:1      | Reached XP level 3. HP: 28/29 MP: 3/3
   395 | D:1      | Found a faded altar of an unknown god.
   791 | D:2      | Reached skill level 1 in Dodging
   872 | D:2      | Reached XP level 4. HP: 37/37 MP: 4/4
   872 | D:2      | Found Lacvuarov's Assorted Antiques.
   887 | D:2      | Noticed Robin
   900 | D:2      | Killed Robin
  1352 | D:3      | Reached XP level 5. HP: 42/42 MP: 5/5
  1383 | D:3      | Found a glowing drain.
  1393 | Sewer    | Entered a sewer
  1404 | Sewer    | Reached skill level 5 in Shields
  1457 | Sewer    | Noticed a kobold brigand
  1469 | Sewer    | Killed a kobold brigand
  1470 | Sewer    | Reached XP level 6. HP: 29/49 MP: 6/6
  1502 | Sewer    | Found a white marble altar of Elyvilon.
  1553 | D:3      | Found a blossoming altar of Fedhas.
  1815 | D:3      | You fall into a shaft and drop 2 floors!
  1815 | D:5      | Entered Level 5 of the Dungeon
  2127 | D:4      | Found a staircase to the Ecumenical Temple.
  2138 | Temple   | Entered the Ecumenical Temple
  2234 | Temple   | Became a worshipper of Makhleb the Destroyer
  2299 | D:4      | Found a large runed translucent door.
  2302 | D:4      | Found a large runed translucent door.
  2305 | D:4      | Identified the +2 chain mail "Eshit" {Rampage Str+2 Int-4
                  | SInv}
  2305 | D:4      | Found the +3 Elemental Staff {rElec rF++ rC++ AC+5}
  2325 | D:4      | Found a large runed translucent door.
  2325 | D:4      | Found a large runed translucent door.
  2366 | D:4      | Found a snail-covered altar of Cheibriados.
  2489 | D:4      | Reached XP level 7. HP: 55/55 MP: 7/7
  2499 | D:4      | Reached skill level 1 in Invocations
  2856 | D:4      | Found Giepraf's Assorted Antiques.
  2952 | D:4      | Noticed a wyvern
  2958 | D:4      | Killed a wyvern
  2959 | D:4      | Reached skill level 5 in Fighting
  2998 | D:4      | Reached skill level 5 in Armour
  2998 | D:4      | Reached XP level 8. HP: 58/62 MP: 10/10
  3123 | D:1      | Bought a twisted war axe for 221 gold pieces
  3123 | D:1      | Identified the +8 war axe "Faamikh" {venom, rF- Dex+5} (You
                  | bought it in a shop on level 1 of the Dungeon)
  3206 | D:5      | Found a stormy altar of Qazlal.
  3237 | D:5      | Reached skill level 1 in Evocations
  3688 | D:5      | Noticed a yak
  3688 | D:5      | Noticed a yak
  3689 | D:5      | Noticed a yak
  3694 | D:5      | Killed a yak
  3696 | D:5      | Killed a yak
  3698 | D:5      | Killed a yak
  3698 | D:5      | Reached * piety under Makhleb
  3699 | D:5      | Reached skill level 5 in Invocations
  3699 | D:5      | Reached XP level 9. HP: 41/69 MP: 12/12
  3951 | D:6      | Found Caegac's Book Emporium.
  4165 | D:6      | Found an opulent altar of Gozag.
  4184 | D:6      | Reached skill level 5 in Axes
  4234 | D:6      | Found a runed translucent gate.
  4235 | D:6      | Found a runed translucent gate.
  4237 | D:6      | Found a runed translucent gate.
  4351 | D:6      | Noticed equiv's ghost (novice DgWr)
  4740 | D:7      | Found a flagged portal.
  4746 | D:7      | Reached XP level 10. HP: 76/77 MP: 15/15
  4750 | D:7      | Reached ** piety under Makhleb
  4779 | D:8      | Found a sacrificial altar of Ru.
  4779 | D:8      | Found a shimmering blue altar of Sif Muna.
  4779 | D:8      | Found a shadowy altar of Dithmenos.
  5084 | Bailey   | Entered a bailey
  5172 | Bailey   | Reached *** piety under Makhleb
  5431 | D:7      | Found a broken altar of Ashenzari.
  6106 | D:8      | Found Myiffiw's Demolitions Depot.
  6283 | D:9      | Found a staircase to the Lair.
  6285 | D:9      | Reached skill level 5 in Dodging
  6292 | D:9      | Reached XP level 11. HP: 21/84 MP: 17/17
  6296 | D:9      | Killed from afar by a steam dragon

Illustrated notes

Levels and vault maps discovered:
D:1:      lemuel_arrival_hallway, layout_basic, serial_shops, shop,
          hellmonk_ecumenical_altar_crossroads, serial_park_tiny_2, st_stairs_5,
          minmay_surrounded
D:2:      layout_loops_cross, serial_shops, shop_fountains,
          chequers_decorated_corner, uniq_robin
D:3:      layout_rooms, mainiacjoe_overflow_boulevard, portal_sewer_entry_f
D:4:      layout_basic, mainiacjoe_overflow_24_doors,
          minmay_temple_entry_proselytizer, serial_shops, kennysheep_little_box,
          minmay_hollow_rounded_squares
D:5:      layout_gridville, nicolae_qazlal_scattered_showers
D:6:      layout_rooms, mainiacjoe_overflow_brackets, serial_shops, shop_statue,
          gammafunk_ghost_icy
D:7:      layout_gridville, nicolae_overflow_crystal_walls, enter_bailey_5
D:8:      nicolae_BIG_FREAKIN_CUBE, layout_loops_ring,
          gammafunk_temple_overflow_claw, nicolae_blasting_shop
D:9:      layout_rooms, erik_lair_island, serial_shops, shop
Temple:   dpeg_chambers_temple

Skill      XL: |  1  2  3  4  5  6  7  8  9 10 |
---------------+-------------------------------+-----
Dodging        | 1 2 3 4 5 |  5.1
Armour         | 4 5 6 7 |  7.1
Fighting       | 4 5 6 7 |  7.4
Shields        | 5 6 7 8 |  8.8
Axes           | 3 4 5 6 |  6.0
Invocations    | 3 5 6 8 |  8.6
Evocations     | 2 3 4 |  4.9

Action                   |  1- 3 |  4- 6 |  7- 9 | 10-12 || total
-------------------------+-------+-------+-------+-------++-------
Melee: War axe           |    67 |   112 |   127 |   122 ||   428
Invok: Minor Destruction |       |       |       |    54 ||    54
  Use: Scroll            |     4 |     4 |     7 |     2 ||    17
       Potion            |     1 |       |     1 |     4 ||     6
Armor: Scale mail        |    38 |    40 |       |       ||    78
       Chain mail        |       |     1 |    83 |    94 ||   178
Dodge: Dodged            |    32 |    50 |    85 |   111 ||   278
Block: Buckler           |    22 |    36 |    55 |    75 ||   188

Table legend: (Time is in decaauts)
 A = Elapsed time spent in this place.
 B = Non-inter-level travel time spent in this place.
 C = Inter-level travel time spent in this place.
 D = Time resting spent in this place.
 E = Time spent auto-exploring this place.
 F = Levels seen in this place.
 G = Mean time per level.
                   A        B        C        D        E       F      G
               +--------+--------+--------+--------+--------+-----+--------+
         Total |   6468 |   6018 |    450 |     35 |   4733 |  12 |  539.0 |
       Dungeon |   5821 |   5393 |    428 |     35 |   4302 |   9 |  646.8 |
        Temple |    119 |     97 |     22 |      0 |     86 |   1 |  119.0 |
         Sewer |    184 |    184 |      0 |      0 |    121 |   1 |  184.0 |
        Bailey |    343 |    343 |      0 |      0 |    224 |   1 |  343.0 |
               +--------+--------+--------+--------+--------+-----+--------+

Top non-repeatable levels by time:
     D:4: 1011 daAuts
     D:1: 839 daAuts
     D:8: 772 daAuts
     D:5: 763 daAuts
     D:7: 675 daAuts
     D:2: 616 daAuts
     D:3: 535 daAuts
     D:6: 447 daAuts
  Bailey: 343 daAuts
   Sewer: 184 daAuts
     D:9: 159 daAuts
  Temple: 119 daAuts
